 Dungeon Crawl Stone Soup version 0.31-a0-1620-gcbf77bbcfc (webtiles) character file.

Game seed: 6049166838690069020

655 isanas the Covered (level 7, 0/55 HPs)
             Began as a Demonspawn Berserker on Jan 11, 2024.
             Was a Believer of Trog.
             Shot with an arrow by a centaur (5 damage)
             ... on level 5 of the Dungeon.
             The game lasted 00:24:49 (4004 turns).

isanas the Covered (Demonspawn Berserker)           Turns: 4004, Time: 00:24:49

Health: 0/55       AC: 21    Str: 20    XL:     7   Next: 29%
Magic:  7/7        EV:  7    Int:  7    God:    Trog [**....]
Gold:   213        SH:  0    Dex: 18    Spells: 6/6 levels left

rFire   . . .        v - +0 scimitar
rCold   . . .        (no shield)
rNeg    . . .        d - +0 plate armour
rPois   .            (no helmet)
rElec   .            (no cloak)
rCorr   .            z - +2 pair of gloves
SInv    .            (no boots)
Will    ++...        (no amulet) Stlth
                     s - +6 ring of dexterity
HPRegen 1.29/turn    (no ring)
MPRegen 0.10/turn

%: no passive effects
@: strong-willed, sanguine armoured, regenerating, hasted, very quick
A: ignite blood 1, sanguine armour 1, weakness stinger 1
a: Renounce Religion, Berserk, Trog's Hand


You were on level 5 of the Dungeon.
You worshipped Trog.
Trog was pleased with you.
You visited 1 branch of the dungeon, and saw 5 of its levels.

You collected 253 gold pieces.
You spent 40 gold pieces at shops.

Inventory:

Hand Weapons
 a - a +0 spear
 j - a +0 rapier
 l - a +2 flail of protection
 u - a +0 halberd
 v - a +0 scimitar (weapon)
 w - a +0 heavy war axe
Armour
 b - a +0 animal skin
 d - a +0 plate armour (worn)
 q - a +3 chain mail
 z - a +2 pair of gloves (worn)
Jewellery
 n - an amulet of magic regeneration
 s - a +6 ring of dexterity (left hand)
Talismans
 o - a beast talisman
Scrolls
 e - a scroll of revelation
 f - 2 scrolls of immolation {unknown}
 g - a scroll of summoning {unknown}
 k - 2 scrolls of blinking {unknown}
 m - a scroll of amnesia {unknown}
 t - a scroll of teleportation {unknown}
 y - a scroll of identify
Potions
 h - 2 potions of mutation
 i - a potion of attraction
 p - 2 potions of degeneration {unknown}
 r - a potion of heal wounds {unknown}
 x - a potion of experience {unknown}


   Skills:
 + Level 4.7 Fighting
 + Level 4.6 Polearms
 + Level 5.1 Armour
 + Level 2.2 Dodging
 + Level 0.1 Stealth


You had 6 spell levels left.
You didn't know any spells.
Your spell library contained the following spells:

 Spells                   Type           Power      Damage    Failure   Level
 Ignite Poison            Fire/Alch      0%         N/A       100%        4
 Sticky Flame             Fire/Alch      0%         2d4       100%        4
 Ignition                 Fire           0%         3d3       100%        8


Dungeon Overview and Level Annotations

Branches:
Dungeon (5/15)             Temple (0/1) D:4

Altars:
Cheibriados
Fedhas
Ru
Xom
Yredelemnul

Shops:
D:2 ?


Innate Abilities, Weirdness & Mutations

Your demonic aura sometimes causes spilled blood to erupt in flames.
When seriously injured, your blood forms armour. (AC +6)
You have a small tail.


Message History

The arrow hits you.
There is an open door, spattered with blood here.
The centaur shoots an arrow.
The arrow hits you but does no damage.
You feel yourself speed up.
The centaur shoots an arrow.
The arrow completely misses you.
The bombardier beetle sprays incendiary fluid at you.
The burning spray misses you.
The centaur shoots an arrow.
The arrow hits you!
The centaur shoots an arrow.
The arrow hits you but does no damage.
The centaur shoots an arrow.
The arrow hits you but does no damage.
The centaur shoots an arrow.
The arrow misses you.
You feel yourself speed up.
The centaur shoots an arrow.
The arrow hits you but does no damage.
The bombardier beetle waves its antennae.
The centaur shoots an arrow.
The arrow hits you but does no damage.
The bombardier beetle sprays incendiary fluid at you.
The burning spray hits you.
You are covered in liquid fire!
You shake off some of the fire as you move.
The liquid fire burns you!
You shake off some of the fire as you move.
The liquid fire burns you!
You shake off the liquid fire.
The centaur shoots an arrow.
The arrow hits you but does no damage.
The centaur shoots an arrow.
The arrow hits you but does no damage.
You recover from your berserk rage.
The centaur shoots an arrow.
The arrow hits you.
* * * LOW HITPOINT WARNING * * *
The centaur shoots an arrow.
The arrow hits you!
* * * LOW HITPOINT WARNING * * *
Your skin crawls.
You feel strong-willed.
The centaur shoots an arrow.
The arrow hits you.
* * * LOW HITPOINT WARNING * * *
The centaur shoots an arrow.
The arrow hits you but does no damage.
The centaur shoots an arrow.
The arrow hits you but does no damage.
The centaur shoots an arrow.
The arrow hits you.
* * * LOW HITPOINT WARNING * * *
The centaur shoots an arrow.
The arrow hits you but does no damage.
The centaur shoots an arrow.
The arrow hits you.
You die...

###......#####.......)....#
#.#............####<..#.#
#.##..†........##....##
#Bc.#..........##....#
###.#..........##....+
#.....####.....##....#
#........#...##.......
##............# .......
#......°.@.#............
#..........#..........
#......#####..........
#......# #..........
########


You could see a centaur and a bombardier beetle.

Vanquished Creatures
  Eustachio (D:4)
  A scorpion (D:5)
  2 hounds (D:4)
  Terence (D:3)
  Natasha (thrice) (D:2)
  An iguana (D:4)
  2 orc wizards (D:3)
  7 gnolls
  4 adders
  8 dart slugs
  A ribbon worm (D:3)
  6 orcs
  9 ball pythons
  3 endoplasms
  7 goblins
  4 hobgoblins
  12 jackals
  5 quokkas
  5 bats
  6 frilled lizards
  10 kobolds
  4 rats
102 creatures vanquished.

Notes
Turn   | Place    | Note
-------+----------+-------------------------------------------
     0 | D:1      | isanas the Demonspawn Berserker began the quest for the
                  | Orb.
     0 | D:1      | Reached XP level 1. HP: 18/18 MP: 1/1
   118 | D:1      | Gained mutation: You have a small tail. [demonic ancestry]
   118 | D:1      | Reached XP level 2. HP: 19/24 MP: 2/2
   443 | D:1      | Reached skill level 2 in Armour
   666 | D:1      | Reached XP level 3. HP: 29/29 MP: 3/3
   757 | D:2      | Reached ** piety under Trog
   929 | D:2      | Noticed Natasha
   942 | D:2      | Killed Natasha
  1201 | D:2      | Noticed Natasha
  1217 | D:2      | Killed Natasha
  1218 | D:2      | Reached XP level 4. HP: 36/37 MP: 4/4
  1278 | D:2      | Reached skill level 3 in Armour
  1327 | D:2      | Gained mutation: When seriously injured, your blood forms
                  | armour. (AC +6) [demonic ancestry]
  1327 | D:2      | Reached XP level 5. HP: 41/42 MP: 5/5
  1359 | D:2      | Noticed Natasha
  1368 | D:2      | Killed Natasha
  1381 | D:2      | Found Jotux's Magic Scroll Shop.
  1386 | D:2      | Bought a scroll of identify for 20 gold pieces
  1386 | D:2      | Bought a scroll of identify for 20 gold pieces
  1836 | D:3      | Noticed Terence
  1848 | D:3      | Killed Terence
  1868 | D:3      | Found a snail-covered altar of Cheibriados.
  1878 | D:3      | Found a shimmering altar of Xom.
  1880 | D:3      | Found a basalt altar of Yredelemnul.
  1886 | D:3      | Found a blossoming altar of Fedhas.
  2114 | D:3      | Found a sacrificial altar of Ru.
  2344 | D:3      | Gained mutation: Your demonic aura sometimes causes spilled
                  | blood to erupt in flames. [demonic ancestry]
  2344 | D:3      | Reached XP level 6. HP: 44/48 MP: 6/6
  2707 | D:4      | Reached skill level 4 in Armour
  3019 | D:4      | Noticed Eustachio
  3111 | D:4      | Killed Eustachio
  3231 | D:4      | Found a staircase to the Ecumenical Temple.
  3273 | D:4      | Reached XP level 7. HP: 55/55 MP: 7/7
  3629 | D:4      | Reached skill level 5 in Armour
  3914 | D:5      | Entered Level 5 of the Dungeon
  4004 | D:5      | Shot with an arrow by a centaur

Illustrated notes

Levels and vault maps discovered:
D:1:      lemuel_arrival_rhombus, layout_basic
D:2:      layout_basic, basic_altar, serial_shops, shop, uniq_natasha
D:3:      minmay_razor_zed, layout_rooms, nicolae_ru_the_path_less_chosen,
          amcnicky_altar_gilded, nicolae_overflow_hallway_of_the_gods,
          uniq_terence, uniq_crazy_yiuf_cottage
D:4:      layout_cave_pods, temple_pool_b, uniq_eustachio
D:5:      layout_basic, grunt_temple_overflow_opulence, lemuel_doored_altar,
          uniq_duvessa

Skill      XL: |  1  2  3  4  5  6  7 |
---------------+----------------------+-----
Polearms       | 3 4 |  4.6
Armour         | 2 3 4 5 |  5.1
Dodging        | 2 |  2.2
Fighting       | 4 |  4.7
Stealth        | |  0.1

Action                     |  1- 3 |  4- 6 |  7- 9 || total
---------------------------+-------+-------+-------++-------
  Melee: Spear             |   120 |   265 |    34 ||   419
         Tailslap          |    14 |    33 |     8 ||    55
         Punch             |     2 |     7 |       ||     9
         Scimitar          |       |       |    14 ||    14
 Invoke: Berserk           |     2 |     9 |     2 ||    13
         Trog's Hand       |       |     3 |     1 ||     4
    Use: Scroll            |       |     6 |       ||     6
         Potion            |       |       |     1 ||     1
 Armour: Plate armour      |   180 |   364 |    72 ||   616
         Animal skin       |    15 |       |       ||    15
  Dodge: Dodged            |    87 |   140 |    24 ||   251

Table legend: (Time is in decaauts)
 A = Elapsed time spent in this place.
 B = Non-inter-level travel time spent in this place.
 C = Inter-level travel time spent in this place.
 D = Time resting spent in this place.
 E = Time spent auto-exploring this place.
 F = Levels seen in this place.
 G = Mean time per level.
                   A        B        C        D        E       F      G
               +--------+--------+--------+--------+--------+-----+--------+
         Total |   4089 |   3800 |    289 |      0 |      0 |   5 |  817.8 |
       Dungeon |   4089 |   3800 |    289 |      0 |      0 |   5 |  817.8 |
               +--------+--------+--------+--------+--------+-----+--------+

Top non-repeatable levels by time:
     D:4: 1281 daAuts
     D:3: 994 daAuts
     D:2: 985 daAuts
     D:1: 728 daAuts
     D:5: 100 daAuts
